 Dungeon Crawl Stone Soup version 0.31-a0-940-gdaa99269f9 (webtiles) character file.

Game seed: 545641457308972224

25 lunkers the Insei (level 3, 0/28 HPs)
             Began as a Meteoran Shapeshifter on Oct 20, 2023.
             Slain by a gnoll
             ... wielding a +0 halberd
              (12 damage)
             ... on level 2 of the Dungeon.
             The game lasted 00:00:51 (537 turns).

lunkers the Insei (Meteoran Shapeshifter)            Turns: 537, Time: 00:00:52

Health: 0/28       AC:  5    Str: 15    XL:     3   Next: 35%
Magic:  4/4        EV: 11    Int: 11    God:
Gold:   60         SH:  0    Dex: 22    Spells: 2/2 levels left

rFire   . .          .
                       - Unarmed
rCold   . . .        (no shield)
rNeg    . . .        f - +0 ring mail
rPois   .            (helmet currently unavailable)
rElec   .            (cloak currently unavailable)
rCorr   .            (gloves currently unavailable)
SInv    .            (boots currently unavailable)
Will    .....        (no amulet)
Stlth   +            h - +6 ring of dexterity
HPRegen 0.24/turn    (no ring)
MPRegen 0.09/turn

%: no passive effects
@: beast-form, glowing
A: beast (slay +2), sense surroundings 1, otherworldly, glowing, explore regen
a: Begin Untransformation


You were on level 2 of the Dungeon.
You were a hulking beast.
You visited 1 branch of the dungeon, and saw 2 of its levels.

You collected 60 gold pieces.

Inventory:

Armour
 a - a +0 animal skin
 f - a +0 ring mail (worn)
Jewellery
 h - a +6 ring of dexterity (left hand)
Talismans
 c - a beast talisman (active)
 d - a flux talisman
Scrolls
 j - a scroll of teleportation {unknown}
 k - a scroll of enchant weapon {unknown}
 l - 3 scrolls of identify {unknown}
 m - a scroll of enchant armour {unknown}
 o - a scroll of poison {unknown}
 q - a scroll of blinking {unknown}
Potions
 b - a potion of lignification
 e - 3 potions of berserk rage {unknown}
 g - a potion of enlightenment {unknown}
 i - a potion of magic {unknown}
 n - 2 potions of curing {unknown}
 p - a potion of ambrosia {unknown}


   Skills:
 - Level 1.1 Fighting
 - Level 2.1 Dodging
 * Level 4.6 Unarmed Combat
 + Level 4.0 Shapeshifting


You had 2 spell levels left.
You didn't know any spells.
Your spell library contained the following spells:

 Spells                   Type           Power      Damage    Failure   Level
 Inner Flame              Hex/Fire       0%         N/A       91%         3
 Yara's Violent Unravell  Hex/Tmut       0%         3d3       100%        5
 Enfeeble                 Hex            0%         N/A       100%        7


Dungeon Overview and Level Annotations

Branches:
Dungeon (2/15) Zot: 665

Altars:


Innate Abilities, Weirdness & Mutations

You are a hulking beast.
Your limbs bulge with bestial killing power. (Slay +2)
You passively map a small area around you.
You are easily found by Zot.
You glow in the dark.
You regain HP and MP as you explore.


Message History

You kill the dart slug!
q - a scroll labelled FUSUSI YKLULA You now have 46 gold pieces (gained 12).
Found an escape hatch in the floor.
You now have 60 gold pieces (gained 14). 3 gnolls and a ball python come into view.
A gnoll is wielding a +0 whip.
Found a stone staircase leading down.
The gnoll shouts! x3
The ball python bites you but does no damage.
The ball python grabs you. The ball python constricts you.
You barely miss the ball python. You punch the ball python.
You kill the ball python!
A kobold comes into view. It is wielding a +0 whip.
The kobold shouts!
A gnoll comes into view. It is wielding a +0 sling.
The gnoll throws a throwing net.
The throwing net misses you.
You hit the gnoll.
The gnoll is heavily wounded.
The gnoll barely misses you.
You hit the gnoll.
The gnoll is almost dead.
The gnoll hits you with a +0 flail!
* * * LOW HITPOINT WARNING * * *
You punch the gnoll!
You kill the gnoll!
Your life force feels restored.
Your Shapeshifting skill increases to level 4!
You have reached level 3!
Your experience leads to an increase in your attributes!
Your base attributes are Str 15, Int 11, Dex 13.
Increase (S)trength, (I)ntelligence, or (D)exterity?
You feel agile. x3
You completely miss the kobold.
The gnoll shouts!
The kobold hits you with a +0 whip.
* * * LOW HITPOINT WARNING * * *
You barely miss the kobold.
The gnoll hits you from afar with a +0 halberd!
You die...

* , ,.....# * ### ,, .....#
.... <, ..,, .. ..# #.... ,,
,, ..## .# #.# .>.. ,
,,..###.# #.#... .. , ..##..
#.#.#..g. **
#######.##.####..g..... .
#.....#.#..hKg..# *
..####.....#.#.(###..#
....................## , *
## ...........#.....#### * *
.. ..####.....#.....##### ,
* #. , #.....#.........####
, ,,#. #.....#.....##.....##
* ##.
#.....####.###......######..
* #..#####
#.#....#...........


You could see 2 gnolls and a kobold.

Vanquished Creatures
  A gnoll (D:2)
  A dart slug (D:2)
  An orc (D:2)
  4 ball pythons
  An endoplasm (D:1)
  A hobgoblin (D:2)
  A quokka (D:2)
  2 kobolds (D:2)
12 creatures vanquished.

Notes
Turn   | Place    | Note
-------+----------+-------------------------------------------
     0 | D:1      | lunkers the Meteoran Shapeshifter began the quest for the
                  | Orb.
     0 | D:1      | Reached XP level 1. HP: 16/16 MP: 2/2
   438 | D:2      | Reached XP level 2. HP: 23/23 MP: 3/3
   536 | D:2      | Reached XP level 3. HP: 14/28 MP: 4/4
   537 | D:2      | Slain by a gnoll

Illustrated notes

Levels and vault maps discovered:
D:1:      dpeg_arrival_refuge, layout_loops_ring, roderic_st_hans_cross
D:2:      layout_rooms, st_stairs_13, minmay_pentomino_x4

Skill      XL: |  1  2 |
---------------+-------+-----
Unarmed Combat | 4 |  4.6
Shapeshifting  | 4 |  4.0
Fighting       | |  1.1
Dodging        | |  2.1

Action                     || total
---------------------------++-------
  Melee: Unarmed           ||    30
         Punch             ||     1
 Armour: Ring mail         ||    17
  Dodge: Dodged            ||    14

Table legend: (Time is in decaauts)
 A = Elapsed time spent in this place.
 B = Non-inter-level travel time spent in this place.
 C = Inter-level travel time spent in this place.
 D = Time resting spent in this place.
 E = Time spent auto-exploring this place.
 F = Levels seen in this place.
 G = Mean time per level.
                   A        B        C        D        E       F      G
               +--------+--------+--------+--------+--------+-----+--------+
         Total |    534 |    507 |     27 |      0 |    388 |   2 |  267.0 |
       Dungeon |    534 |    507 |     27 |      0 |    388 |   2 |  267.0 |
               +--------+--------+--------+--------+--------+-----+--------+

Top non-repeatable levels by time:
     D:1: 431 daAuts
     D:2: 102 daAuts
